 Dungeon Crawl Stone Soup version 0.21.1-1-g345015f (webtiles) character file.

401 goulibeur the Distorting Demonspawn (level 6, -9/48 HPs)
             Began as a Demonspawn Abyssal Knight on July 6, 2018.
             Was a Believer of Lugonu.
             Killed by divine providence
             ... invoked by an orc priest
              (11 damage)
             ... on level 4 of the Dungeon.
             The game lasted 00:16:42 (4295 turns).

goulibeur the Distorting Demonspawn (DsAK)          Turns: 4295, Time: 00:16:43

Health: -9/48      AC:  8    Str: 12    XL:     6   Next: 54%
Magic:  10/10      EV: 10    Int: 13    God:    Lugonu [**....]
Gold:   179        SH:  0    Dex: 15    Spells: 5/5 levels left

rFire    . . .     SeeInvis .   p - +2 short sword (venom)
rCold    . . .     Gourm    .   (no shield)
rNeg     . . .     Faith    .   m - +0 scale mail
rPois    .         Spirit   .   (no helmet)
rElec    .         Reflect  .   (no cloak)
rCorr    .         Harm     .   (no gloves)
MR       .....                  (no boots)
Stlth    +.........             (no amulet)
HPRegen  0.16/turn              (no ring)
MPRegen  0.12/turn              (no ring)

@: no status effects
A: talons 1, yellow scales 1, nightstalker 1
a: Depart the Abyss, Bend Space, Renounce Religion


You were on level 4 of the Dungeon.
You worshipped Lugonu.
Lugonu was pleased with you.
You were not hungry.

You visited 1 branch of the dungeon, and saw 4 of its levels.
You visited the Abyss 1 time.

You collected 179 gold pieces.

Inventory:

Hand Weapons
 a - a +1 short sword
 p - a +2 short sword of venom (weapon)
Armour
 b - a +0 leather armour
 f - a +0 ring mail
 m - a +0 scale mail (worn)
 t - a +2 ring mail of positive energy
Jewellery
 i - a cursed amulet of inaccuracy {unknown}
 v - an uncursed ring of resist corrosion {unknown}
Wands
 n - a wand of polymorph (6)
Scrolls
 e - 8 scrolls of identify {unknown}
 g - a scroll of blinking {unknown}
 k - 2 scrolls of enchant armour {unknown}
 l - 3 scrolls of teleportation {unknown}
 q - 2 scrolls of remove curse {unknown}
 r - a scroll of noise {unknown}
 u - a scroll of fog {unknown}
Potions
 d - a potion of resistance {unknown}
 h - a potion of experience {unknown}
 o - a potion of flight {unknown}
Books
 j - a book of Cantrips

   Spells                             Type                      Level
   a - Confusing Touch                Hexes                        1
   b - Animate Skeleton               Necromancy                   1
   c - Summon Small Mammal            Summoning                    1
   d - Apportation                    Translocation                1
Comestibles
 c - 3 rations


   Skills:
 + Level 4.2 Fighting
 - Level 1.7 Short Blades
 + Level 3.2 Armour
 + Level 2.7 Dodging
 * Level 6.2 Invocations


You had 5 spell levels left.
You didn't know any spells.

Dungeon Overview and Level Annotations

Branches:
Dungeon (4/15)
 Temple: D:4-7

Altars:
Hepliaklqana
Makhleb
Okawaru
Qazlal
Sif Muna

Annotations:
D:3 Lidrolic's ghost, amateur HuFi


Innate Abilities, Weirdness & Mutations

You have sharp toenails.
You are partially covered in yellow scales. (AC +2)
You are slightly more attuned to the shadows.


Message History

The ogre hits you with a giant club!!
* * * LOW HITPOINT WARNING * * *
You see here a giant club.
The ogre looks more healthy.
You hit the orc.
The orc is poisoned.
You kill the orc!
Lugonu accepts your kill.
You puncture the ogre!
You kill the ogre!
Lugonu accepts your kill.
Your Invocations skill increases to level 6!
The orc priest mumbles some strange prayers to Beogh against you.
Beogh smites you!
* * * LOW HITPOINT WARNING * * *
The orc barely misses you.
There is a stone staircase leading down here.
The orc barely misses you.
The orc priest invokes the aid of Beogh against you.
Beogh smites you!
You die...

#.# #.# #.# #(# #.# ####.# #.#
#.# ####.##.# #.# #.# #
#.......# #.# #.# #. #......@#
#.# #.# ... ####.##.# #.# #.#
#..o ###.##o####.## ##.##
....o###......o.o.#.######..[#
._..oo.).#.##.####o...)..o...#
...#.##..#.##.# #.#######...#
# ##.#.##.# #.#.oo.O.....
#.#.##.# #.#.#########
#...##.# #....#


You could see an orc priest and an orc.

Vanquished Creatures
  2 ogres (D:4)
  An orc priest (D:2)
  Jessica (D:3)
  Ijyb (D:3)
  A worker ant (D:4)
  4 adders
  2 oozes
  A dart slug (D:2)
  2 leopard geckos
  5 orcs
  8 bats
  6 giant cockroaches
  14 goblins
  6 hobgoblins
  7 jackals (D:3)
  6 kobolds
  A quokka (D:4)
  A ball python (D:4)
  A frilled lizard (D:2)
  7 rats
77 creatures vanquished.

Notes
Turn   | Place    | Note
-------+----------+-------------------------------------------
     0 | Abyss:1  | goulibeur the Demonspawn Abyssal Knight began the quest for the Orb.
     0 | Abyss:1  | Reached XP level 1. HP: 18/18 MP: 2/2
   129 | Abyss:1  | Noticed a large abomination
   130 | D:1      | Escaped the Abyss
   191 | D:1      | Reached skill level 1 in Dodging
   314 | D:1      | Reached * piety under Lugonu
   330 | D:1      | Reached skill level 3 in Invocations
   330 | D:1      | Gained mutation: You are slightly more attuned to the shadows. [demonic ancestry]
   330 | D:1      | Reached XP level 2. HP: 19/24 MP: 2/4
  1056 | D:2      | Reached XP level 3. HP: 13/29 MP: 5/5
  1845 | D:2      | Reached skill level 4 in Invocations
  1845 | D:2      | Gained mutation: You are partially covered in yellow scales. (AC +2) [demonic ancestry]
  1845 | D:2      | Reached XP level 4. HP: 2/35 MP: 5/7
  2525 | D:3      | Noticed Lidrolic's ghost (amateur HuFi)
  2719 | D:3      | Reached ** piety under Lugonu
  2762 | D:3      | Found an iron altar of Okawaru.
  2784 | D:3      | Noticed Jessica
  2792 | D:3      | Killed Jessica
  2792 | D:3      | Gained mutation: You have sharp toenails. [demonic ancestry]
  2792 | D:3      | Reached XP level 5. HP: 30/42 MP: 8/8
  2954 | D:3      | Found a stormy altar of Qazlal.
  3249 | D:3      | Found a burning altar of Makhleb.
  3480 | D:3      | Noticed Ijyb
  3640 | D:3      | Killed Ijyb
  3640 | D:3      | Reached skill level 5 in Invocations
  3676 | D:3      | Found a hazy altar of Hepliaklqana.
  3973 | D:4      | Noticed an ogre
  3982 | D:4      | Killed an ogre
  3982 | D:4      | Reached XP level 6. HP: 8/48 MP: 10/10
  4242 | D:4      | Found a deep blue altar of Sif Muna.
  4288 | D:4      | Reached skill level 6 in Invocations
  4290 | D:4      | HP: 2/48 [orc priest/divine providence (14)]
  4295 | D:4      | Killed from afar by an orc priest

Skill      XL: |  1  2  3  4  5  6 |
---------------+-------------------+-----
Dodging        | 1 2 |  2.7
Invocations    | 3 4 5 6 |  6.2
Armour         | 2 3 |  3.2
Fighting       | 4 |  4.2
Short Blades   | |  1.7

Action                   |  1- 3 |  4- 6 || total
-------------------------+-------+-------++-------
Melee: Short sword       |   123 |   152 ||   275
       Unarmed           |       |    22 ||    22
       Kick              |       |    15 ||    15
Invok: Depart the Abyss  |     1 |       ||     1
 Stab: Sleeping          |     2 |     1 ||     3
  Eat: Chunk             |     3 |     8 ||    11
Armor: Leather armour    |    14 |       ||    14
       Ring mail         |    17 |     3 ||    20
       Scale mail        |       |    58 ||    58
Dodge: Dodged            |    59 |    73 ||   132
